 Dungeon Crawl Stone Soup version 0.31-a0-949-g57150269e1 (webtiles) character file.

Game seed: 16835620160377263138

1990 Fodor the Covered (level 9, -5/75 HPs)
             Began as a Minotaur Fighter on Oct 21, 2023.
             Slain by jlumianski's ghost (7 damage)
             ... on level 5 of the Dungeon.
             The game lasted 00:21:33 (4466 turns).

Fodor the Covered (Minotaur Fighter)                Turns: 4466, Time: 00:21:34

Health: -5/75      AC: 13    Str: 26    XL:     9   Next: 1%
Magic:  8/8        EV: 13    Int:  5    God:
Gold:   277        SH:  0    Dex:  9    Spells: 8/8 levels left

rFire   . . .        B - +0 war axe
rCold   . . .        D - orb {mayhem}
rNeg    + . .        b - +0 plate armour
rPois   .            (helmet currently unavailable)
rElec   .            (cloak currently unavailable)
rCorr   .            (gloves currently unavailable)
SInv    .            f - melded +0 pair of boots
Will    .....        (no amulet) Stlth
                     e - ring of positive energy
HPRegen 0.32/turn    s - +5 ring of evasion
MPRegen 0.11/turn

%: mayhem
@: beast-form
A: beast (slay +1), horns 2, retaliatory headbutt
a: Begin Untransformation


You were on level 5 of the Dungeon.
You were a hulking beast.
You visited 1 branch of the dungeon, and saw 5 of its levels.

You collected 277 gold pieces.

Inventory:

Hand Weapons
 j - a +0 orcbow
 B - a +0 war axe (weapon)
Missiles
 l - 8 boomerangs (quivered)
 m - 5 atropa-tipped darts
 t - 17 poisoned darts
Armour
 b - a +0 plate armour (worn)
 c - a +0 buckler
 f - a +0 pair of boots (melded)
 C - an orb of wrath
 D - an orb of mayhem (worn)
Jewellery
 e - a ring of positive energy (left hand)
 s - a +5 ring of evasion (right hand)
Talismans
 p - a beast talisman (active)
Wands
 n - a wand of roots (8)
 A - a wand of charming (3)
Scrolls
 g - a scroll of fog {unknown}
 o - a scroll of enchant armour {unknown}
 q - 5 scrolls of identify {unknown}
 r - a scroll of fear {unknown}
 v - a scroll of teleportation {unknown}
 y - 2 scrolls of enchant weapon {unknown}
 z - 2 scrolls of brand weapon {unknown}
Potions
 a - 2 potions of enlightenment {unknown}
 d - 2 potions of might
 h - a potion of haste {unknown}
 i - a potion of mutation {unknown}
 k - a potion of invisibility
 u - a potion of curing {unknown}
 w - a potion of magic {unknown}
 x - a potion of cancellation {unknown}
 E - a potion of degeneration {unknown}


   Skills:
 + Level 6.1 Fighting
 + Level 6.7 Long Blades
 + Level 6.6 Axes
 + Level 7.0 Armour
 + Level 2.7 Dodging
 + Level 4.9 Shields
 + Level 0.7 Evocations
 + Level 3.0 Shapeshifting


You had 8 spell levels left.
You didn't know any spells.
Your spell library contained the following spells:

 Spells                   Type           Power      Damage    Failure   Level
 Magic Dart               Conj           0%         1d3       99%         1
 Call Imp                 Summ           0%         N/A       100%        2
 Searing Ray              Conj           0%         2d4       100%        2
 Mephitic Cloud           Conj/Pois/Air  0%         N/A       100%        3
 Stone Arrow              Conj/Erth      0%         3d7       100%        3
 Animate Armour           Summ/Erth      0%         N/A       100%        4
 Fulminant Prism          Conj/Hex       0%         3d5       100%        4
 Lehudib's Crystal Spear  Conj/Erth      0%         10d2      100%        8


Dungeon Overview and Level Annotations

Branches:
Dungeon (5/15)
 Temple: D:4-7

Altars:
Dithmenos
Sif Muna

Shops:
D:4 [

Annotations:
D:5 1 transporter, jlumianski's ghost, amateur GnSh


Innate Abilities, Weirdness & Mutations

You are a hulking beast.
Your limbs bulge with bestial killing power. (Slay +1)
You have a pair of horns on your head.
You reflexively headbutt those who attack you in melee.


Message History

Your hands burn!
You hit the black bear.
Your attacks no longer feel as feeble.
Jlumianski's ghost hits the black bear.
The black bear goes berserk!
The jelly hits you.
You are splashed with acid!
Jlumianski's ghost closely misses the black bear.
Your Shapeshifting skill increases to level 3!
The black bear barely misses you. The black bear claws you.
The black bear closely misses you.
Jlumianski's ghost hits the black bear!
The black bear dies!
The jelly barely misses you.
Your Armour skill increases to level 7!
You have reached level 9!
Your experience leads to an increase in your attributes!
Increase (S)trength, (I)ntelligence, or (D)exterity?
You feel stronger. x2
Jlumianski's ghost hits you! Jlumianski's ghost closely misses you.
The jelly barely misses you.
You see here a black bear corpse.
Jlumianski's ghost hits you! The jelly attacks as it pursues you!
The jelly closely misses you. You furiously retaliate!
You headbutt the jelly!
You kill the jelly!
Jlumianski's ghost hits you but does no damage.
Jlumianski's ghost misses you. Jlumianski's ghost barely misses you.
Jlumianski's ghost hits you! Jlumianski's ghost barely misses you.
Jlumianski's ghost hits you!
* * * LOW HITPOINT WARNING * * *
Jlumianski's ghost hits you but does no damage. x2
Jlumianski's ghost turns its malevolent gaze towards you.
Jlumianski's ghost attacks as it pursues you!
Jlumianski's ghost hits you!
* * * LOW HITPOINT WARNING * * *
Jlumianski's ghost turns its malevolent gaze towards you.
Jlumianski's ghost barely misses you. Jlumianski's ghost barely misses you.
Jlumianski's ghost attacks as it pursues you!
Jlumianski's ghost hits you.
* * * LOW HITPOINT WARNING * * *
You barely miss jlumianski's ghost. Jlumianski's ghost hits you!
You die...

#.........P..## #.....<
#.####.♣....##### #######
#.#####..P......#
#.##.....#.####.#
#.##.##....####.#########
#.##.##......)..........#
#..............©........#
#..........#########....#
#.##.##...##8.h:[.8##...#
#.##..#...#...W.....#...#
#.###.#...#.#.....#.#...##
#.........#..#...#..#....######
##........#....©....#..........
#.##.##..#..#.)†#..#..........
#.##.....#.#.....#.#...#......
#.####...#........©#...#.#####
#.####...##8.....8##..##.#


You could see the neutral jlumianski's ghost (fast, strong, frenzied).

Vanquished Creatures
  Sigmund (D:5)
  A yak (D:5)
  Menkaure (D:4)
  2 water moccasins (D:5)
  An ice beast (D:5)
  A black bear (D:5)
  2 ogres (D:5)
  6 scorpions (D:5)
  3 orc priests
  A hound (D:5)
  2 jellies
  2 gnoll boudas (D:5)
  4 iguanas (D:5)
  3 orc wizards
  Robin (D:4)
  3 adders
  2 ufetubi (D:3)
  4 dart slugs
  9 orcs
  9 ball pythons
  4 bats
  6 endoplasms
  5 giant cockroaches
  5 hobgoblins
  4 jackals
  2 quokkas
  3 frilled lizards
  18 goblins
  5 kobolds
  30 rats
140 creatures vanquished.

Vanquished Creatures (collateral kills)
  A black bear (D:5)
1 creature vanquished.

Grand Total: 141 creatures vanquished

Notes
Turn   | Place    | Note
-------+----------+-------------------------------------------
     0 | D:1      | Fodor the Minotaur Fighter began the quest for the Orb.
     0 | D:1      | Reached XP level 1. HP: 19/19 MP: 0/0
   401 | D:1      | Reached skill level 4 in Armour
   482 | D:1      | Reached XP level 2. HP: 26/27 MP: 1/1
   951 | D:2      | Reached XP level 3. HP: 31/33 MP: 2/2
  1520 | D:3      | Identified the "Emnapp"
  1520 | D:3      | Identified the "Oluin"
  1520 | D:3      | Identified the of Faarhif
  1541 | D:3      | Reached skill level 1 in Dodging
  1679 | D:3      | Reached XP level 4. HP: 40/40 MP: 3/3
  1855 | D:3      | Found a shadowy altar of Dithmenos.
  2019 | D:3      | Found a faded altar of an unknown god.
  2210 | D:3      | Found a shimmering blue altar of Sif Muna.
  2243 | D:4      | Found Voulykiki's Armour Shoppe.
  2365 | D:4      | Noticed Robin
  2373 | D:4      | Killed Robin
  2374 | D:4      | Reached XP level 5. HP: 34/46 MP: 4/4
  2503 | D:4      | Noticed Menkaure
  2510 | D:4      | Killed Menkaure
  2511 | D:4      | Reached skill level 5 in Armour
  2511 | D:4      | Reached skill level 1 in Shapeshifting
  2520 | D:4      | Reached XP level 6. HP: 53/53 MP: 5/5
  2607 | D:4      | Reached skill level 5 in Long Blades
  3425 | D:5      | Entered Level 5 of the Dungeon
  3425 | D:5      | Noticed Sigmund
  3431 | D:5      | Killed Sigmund
  3432 | D:5      | Reached XP level 7. HP: 52/60 MP: 6/6
  3483 | D:5      | Reached skill level 1 in Axes
  3485 | D:5      | Reached skill level 5 in Fighting
  3608 | D:5      | Reached skill level 6 in Armour
  3617 | D:5      | Reached XP level 8. HP: 46/69 MP: 7/7
  3871 | D:5      | Reached skill level 5 in Axes
  4294 | D:5      | Found a transporter.
  4298 | D:5      | Noticed jlumianski's ghost (amateur GnSh)
  4302 | D:5      | Found a transporter.
  4454 | D:5      | Reached skill level 7 in Armour
  4454 | D:5      | Reached XP level 9. HP: 54/75 MP: 8/8
  4465 | D:5      | HP: 2/75 [jlumianski's ghost (3)]
  4466 | D:5      | Slain by jlumianski's ghost

Illustrated notes

Levels and vault maps discovered:
D:1:      saegor_arrival_simple_c, layout_basic, minmay_nonomino_d4
D:2:      layout_basic
D:3:      layout_basic, nicolae_sif_muna_little_library, lemuel_crystal_altar,
          hellmonk_ecumenical_altar_zigzags, minmay_rat_hole
D:4:      layout_loops_ring, serial_shops, nicolae_shop_hallway_stairs,
          st_stairs_9, grunt_decor_cap, grunt_ministairs_1, uniq_robin,
          uniq_menkaure
D:5:      layout_loops_cross, nicolae_overflow_macrodata_refinement,
          serial_bayou, serial_bayou_pond_e, serial_bayou_crossing,
          serial_bayou_pond_a, serial_bayou_lagoon_a, gammafunk_ghost_arena,
          minmay_divided_ellipse, uniq_sigmund

Skill      XL: |  1  2  3  4  5  6  7  8 |
---------------+-------------------------+-----
Armour         | 4 5 6 7 |  7.0
Shields        | 4 |  4.9
Dodging        | 1 2 |  2.7
Long Blades    | 3 4 5 6 |  6.7
Fighting       | 4 5 6 |  6.1
Shapeshifting  | 1 2 3 |  3.0
Axes           | 2 6 |  6.6
Evocations     | |  0.7

Action                     |  1- 3 |  4- 6 |  7- 9 || total
---------------------------+-------+-------+-------++-------
  Melee: Long sword        |    81 |   148 |       ||   229
         Headbutt          |    14 |    26 |    22 ||    62
         War axe           |       |     7 |   124 ||   131
  Throw: Boomerang         |     4 |       |     1 ||     5
  Evoke: Wand              |       |       |     1 ||     1
    Use: Potion            |       |       |     2 ||     2
 Armour: Scale mail        |    77 |    72 |       ||   149
         Chain mail        |       |     4 |       ||     4
         Plate armour      |       |     1 |   114 ||   115
  Dodge: Dodged            |    63 |   122 |    63 ||   248
  Block: Buckler           |    21 |    28 |     5 ||    54
   Form: Beast             |     1 |       |       ||     1

Table legend: (Time is in decaauts)
 A = Elapsed time spent in this place.
 B = Non-inter-level travel time spent in this place.
 C = Inter-level travel time spent in this place.
 D = Time resting spent in this place.
 E = Time spent auto-exploring this place.
 F = Levels seen in this place.
 G = Mean time per level.
                   A        B        C        D        E       F      G
               +--------+--------+--------+--------+--------+-----+--------+
         Total |   4588 |   4516 |     72 |    724 |      0 |   5 |  917.6 |
       Dungeon |   4588 |   4516 |     72 |    724 |      0 |   5 |  917.6 |
               +--------+--------+--------+--------+--------+-----+--------+

Top non-repeatable levels by time:
     D:4: 1203 daAuts
     D:5: 1105 daAuts
     D:1: 936 daAuts
     D:3: 740 daAuts
     D:2: 603 daAuts
